Description

Gas-first-Reaper to Fast-Expand opening into Raven-harass and transition to Bio-composition

VOD

https://www.youtube.com/watch?v=r1u2qrPqcHE&feature=gp-n-y&google_comment_id=z13qgrmpvlyhuhwpd04cipuxmr2ixh1y1hw

Replay - TvZ Reaper-FE into Raven-harass to Bio #1

Build Order

Get SALT Encoding   

  12  0:01  SCV  
  13  0:14  SCV  
  14  0:18  Supply Depot  
  14  0:26  SCV  
  15  0:29  Refinery  
  15  0:40  SCV  
  16  0:45  Barracks  
  16  0:52  SCV  
  17  1:04  SCV  
  18  1:16  SCV  
  19  1:33  Reaper, Orbital Command  
  20  1:46  Command Center  
  20  1:56  Factory  
  20  2:01  SCV  
  21  2:07  Barracks Reactor  
  21  2:12  Refinery  
  21  2:13  SCV  
  22  2:20  Supply Depot  
  22  2:25  SCV  
  24  2:45  Starport  
  24  2:50  Hellion x2  
  28  2:52  Barracks Tech Lab  
  28  2:53  Marine  
  30  3:03  Orbital Command  
  30  3:11  Barracks Tech Lab  
  31  3:19  Hellion x2  
  37  3:41  Raven  
  37  3:45  Barracks Tech Lab  
  40  3:53  Supply Depot  
  41  3:58  Supply Depot  
  43  4:09  Command Center  
  45  4:17  Supply Depot  
  45  4:24  Stimpack  
  45  4:26  Raven  
  49  4:42  Factory Reactor  
  49  4:44  Barracks x2  
  53  4:59  Engineering Bay x2  
  55  5:17  Refinery x2  
  55  5:18  Barracks x2  
  57  5:22  Starport Reactor  
  57  5:23  Orbital Command  
  59  5:34  Factory Reactor  
  61  5:44  Marine x3  
  61  5:47  Terran Infantry Armor Level 1, Terran Infantry Weapons Level 1, Orbital Command  
  57  6:00  Medivac x2, Marine x4  
  70  6:19  Bunker  
  70  6:20  Marine x2  
  70  6:21  Barracks Reactor x2  
  70  6:25  Combat Shields  
  75  6:31  Medivac x2  
  85  6:49  Widow Mine x2  
  95  6:56  Factory  
  95  6:57  Armory  
  101  7:12  Refinery x2  
  101  7:26  Medivac  
  109  7:34  Widow Mine x2  
  109  7:35  Marauder  
  117  7:48  Widow Mine  
  125  7:53  Drilling Claws  
  125  7:58  Medivac, Marauder  
  145  8:20  Marauder, Widow Mine x3  
  161  8:41  Marauder  
  144  9:05  Widow Mine x2  
  144  9:06  Liberator x2  
  144  9:19  Barracks x3  
  144  9:20  Command Center  
  155  9:25  Marauder  
  168  9:46  Marauder  
Spawning Tool Build Advisor. Get it on Overwolf

Go to:

Details

  • Created by: ELESTRAGO
  • Published on: Apr 07, 2017
  • Modified on: Apr 07, 2017
  • Patch: 3.8.0
Show
View Real Time Build Order
Export as new Build Order

Comments (0)

There are no comments. Be the first!

Create an account to comment!